[Event "Titled Tuesday Blitz June 27 Late 2023"]
[White "Yolosz"]
[Black "Laurent-Paoli, Pierre"]
[BlackFideId "26017962"]
[WhiteElo "2388"]
[BlackElo "2718"]
[Result "0-1"]
[Round "1"]
[TimeControl "180+2"]
[Date "2023.06.27"]
[WhiteClock "0:00:02"]
[BlackClock "0:00:09"]
[Board "90"]

1. d4 Nf6 2. Bf4 d6 3. e3 Nbd7 4. h3 e5 5. dxe5 dxe5 6. Bg3 Ne4 7. Bh2 Qh4 8. Qf3 Nef6 9. c3 Qa4 10. b3 Qa5 11. Bc4 Bd6 12. e4 O-O 13. Ne2 Qb6 14. O-O Nc5 15. Nd2 Ne6 16. Ng3 Ng5 17. Qe2 Bxh3 18. gxh3 Nxh3+ 19. Kh1 Nf4 20. Qf3 g6 21. Rg1 Kh8 22. Ne2 N6h5 23. Nxf4 Nxf4 24. Bxf4 exf4 25. Rg5 Rad8 26. Bd5 c6 27. Nc4 Qc7 28. Nxd6 Qxd6 29. Bc4 Qf6 30. Rag1 Rd2 31. R5g4 Rxa2 32. Rxf4 Qe7 33. Rg3 Kg7 34. Kh2 b5 35. Bd3 Qe5 36. Rh4 Qxc3 37. Rgh3 h5 38. Rg3 Qe5 39. Qe3 Qf6 40. Kg2 Qxh4 41. e5 Qe7 42. Qf4 Qe6 43. Re3 Qd5+ 44. Be4 Qe6 45. Rf3 Re8 46. Re3 Ra6 47. Bd3 c5 48. Bxb5 Rb6 49. Bc4 Qg4+ 50. Qxg4 hxg4 51. Kg3 Re7 52. Kxg4 Rb4 53. Kf4 a5 54. Rd3 a4 55. Ke3 Rxe5+ 56. Kd2 axb3 57. Bxb3 c4 58. Rd4 Rxb3 59. Rxc4 Rf3 0-1


[Site "https://www.chess.com"]

[Event "Titled Tuesday Blitz June 27 Late 2023"]
[White "Danielyan, Vahe"]
[Black "Pesotskiy, Mikhail"]
[WhiteFideId "13304828"]
[BlackFideId "34164453"]
[WhiteElo "2713"]
[BlackElo "2387"]
[Result "0-1"]
[Round "1"]
[TimeControl "180+2"]
[Date "2023.06.27"]
[WhiteClock "0:00:00"]
[BlackClock "0:00:02"]
[Board "91"]

1. e4 e6 2. d4 d5 3. Nd2 Nf6 4. e5 Nfd7 5. f4 c5 6. Ndf3 Nc6 7. c3 Qb6 8. Ne2 f6 9. g3 cxd4 10. cxd4 Bb4+ 11. Bd2 O-O 12. Bh3 fxe5 13. Bxe6+ Kh8 14. Ng5 Nxd4 15. Nxd4 Qxd4 16. Bxb4 Qxb4+ 17. Qd2 Qe7 18. O-O exf4 19. Rxf4 Nf6 20. Re1 Bxe6 21. Rxe6 Qc5+ 22. Kg2 h6 23. Rh4 Kg8 24. b4 Qc8 25. Rxf6 Rxf6 26. Qxd5+ Kh8 27. Nf7+ Kh7 28. Ne5 Qf5 29. Rf4 Qc2+ 30. Kh3 Rxf4 31. gxf4 Qf5+ 32. Kg3 Rf8 33. Qd4 g5 34. Nd3 gxf4+ 35. Nxf4 Qg5+ 36. Kf3 Qh5+ 37. Kg3 Rg8+ 38. Kf2 Qxh2+ 39. Ke3 Re8+ 40. Kd3 Qg3+ 41. Kc4 Qg8+ 42. Kb5 Qg5+ 43. Ka4 Qe5 44. Qd3+ Qe4 45. Qd7+ Re7 46. Qg4 b6 47. Ka3 a5 0-1


[Site "https://www.chess.com"]

[Event "Titled Tuesday Blitz June 27 Late 2023"]
[White "Arias Igual, Alejandro"]
[Black "Barp, Alberto"]
[WhiteFideId "2254905"]
[BlackFideId "872555"]
[WhiteElo "2383"]
[BlackElo "2711"]
[Result "0-1"]
[Round "1"]
[TimeControl "180+2"]
[Date "2023.06.27"]
[WhiteClock "0:00:51"]
[BlackClock "0:01:26"]
[Board "92"]

1. d4 d5 2. Bf4 c5 3. e3 Nc6 4. c3 Nf6 5. Nd2 cxd4 6. exd4 Bg4 7. Qb3 Qd7 8. Ngf3 Bxf3 9. Nxf3 e6 10. Bd3 Bd6 11. Bxd6 Qxd6 12. O-O O-O 13. Rfe1 Nd7 14. Qd1 Rfe8 15. Bxh7+ Kxh7 16. Ng5+ Kg6 17. Qg4 Nf6 18. Qf3 Kxg5 19. Re3 Rh8 20. Rae1 Qxh2+ 21. Kf1 Qh1+ 22. Ke2 Qh5 0-1


[Site "https://www.chess.com"]

[Event "Titled Tuesday Blitz June 27 Late 2023"]
[White "Makridis, Dimitrios"]
[Black "BenchGM"]
[WhiteFideId "25864475"]
[WhiteElo "2711"]
[BlackElo "2381"]
[Result "1-0"]
[Round "1"]
[TimeControl "180+2"]
[Date "2023.06.27"]
[WhiteClock "0:00:33"]
[BlackClock "0:00:01"]
[Board "93"]

1. e4 e6 2. d4 d5 3. Nc3 Nf6 4. e5 Nfd7 5. f4 c5 6. Nf3 Nc6 7. Be3 Be7 8. Be2 O-O 9. O-O f6 10. exf6 Nxf6 11. h3 Qb6 12. Na4 Qa5 13. Nxc5 Bxc5 14. dxc5 Ne4 15. c3 b6 16. cxb6 axb6 17. a4 Ba6 18. b4 Bxe2 19. Qxe2 Nxc3 20. bxa5 Nxe2+ 21. Kf2 Nxf4 22. axb6 Na5 23. Rfb1 Rab8 24. Rb5 Nc4 25. Bxf4 Rxf4 26. a5 e5 27. a6 Nxb6 28. a7 Rb7 29. a8=Q+ Nxa8 30. Rxa8+ Rf8 31. Rxf8+ Kxf8 32. Rxb7 1-0


[Site "https://www.chess.com"]

[Event "Titled Tuesday Blitz June 27 Late 2023"]
[White "Perez Rodriguez, Jennifer"]
[Black "Mihajlov, Sebastian"]
[WhiteFideId "3507831"]
[BlackFideId "1512110"]
[WhiteElo "2381"]
[BlackElo "2710"]
[Result "1-0"]
[Round "1"]
[TimeControl "180+2"]
[Date "2023.06.27"]
[WhiteClock "0:01:10"]
[BlackClock "0:01:23"]
[Board "94"]

1. e4 c5 2. c3 Nc6 3. d4 d6 4. Nf3 Nf6 5. Bd3 g6 6. O-O Bg7 7. h3 O-O 8. Re1 a6 9. dxc5 dxc5 10. e5 Nd5 11. a4 h6 12. Na3 Be6 13. Nc4 Qc7 14. Qc2 Rad8 15. Qe2 b5 16. axb5 axb5 17. Ne3 c4 18. Nxd5 Rxd5 19. Be4 Rd7 20. Bc2 Rfd8 21. Bf4 Qb6 22. Rad1 b4 23. Rxd7 Rxd7 24. Rd1 bxc3 25. bxc3 Rxd1+ 26. Qxd1 Qb2 27. Qd2 g5 28. Bh7+ Kxh7 29. Qxb2 gxf4 30. Qb5 Nd8 31. Nd4 1-0


[Site "https://www.chess.com"]

[Event "Titled Tuesday Blitz June 27 Late 2023"]
[White "Darini, Pouria"]
[Black "Srdanovic, Jovana"]
[WhiteFideId "12502200"]
[BlackFideId "954810"]
[WhiteElo "2710"]
[BlackElo "2380"]
[Result "1-0"]
[Round "1"]
[TimeControl "180+2"]
[Date "2023.06.27"]
[WhiteClock "0:02:20"]
[BlackClock "0:02:00"]
[Board "95"]

1. e4 c5 2. Nf3 Nc6 3. Bb5 g6 4. O-O Bg7 5. Re1 Nf6 6. Nc3 O-O 7. e5 Ne8 8. d3 Nc7 9. Bxc6 dxc6 10. h3 Ne6 11. a4 a5 12. Bd2 b6 13. Qc1 f5 14. exf6 exf6 15. Bh6 Ra7 16. Bxg7 Nxg7 17. Qf4 Re7 18. Rxe7 Qe8 19. Rae1 1-0


[Site "https://www.chess.com"]

[Event "Titled Tuesday Blitz June 27 Late 2023"]
[White "Lowinger, Daniel"]
[Black "Karthik Rajaa"]
[WhiteFideId "2005557"]
[BlackFideId "25035215"]
[WhiteElo "2378"]
[BlackElo "2707"]
[Result "1/2-1/2"]
[Round "1"]
[TimeControl "180+2"]
[Date "2023.06.27"]
[WhiteClock "0:00:09"]
[BlackClock "0:00:08"]
[Board "96"]

1. e4 c6 2. d4 d5 3. e5 Bf5 4. Nf3 e6 5. Be2 c5 6. Be3 cxd4 7. Nxd4 Ne7 8. c4 Bg6 9. Nc3 Nbc6 10. Rc1 dxc4 11. Bxc4 a6 12. Nxc6 Nxc6 13. Qf3 Be7 14. O-O O-O 15. Rfd1 Qa5 16. Bb3 Rfd8 17. Na4 Qxe5 18. Nb6 Rxd1+ 19. Rxd1 Rd8 20. Nc4 Qh5 21. g4 Rxd1+ 22. Qxd1 Qd5 23. Qxd5 exd5 24. Nb6 d4 25. Bd2 Be4 26. Bd5 Bxd5 27. Nxd5 Bd6 28. h3 f6 29. f4 Kf7 30. f5 g6 31. fxg6+ hxg6 32. h4 Ne5 33. Bf4 Ke6 34. Bxe5 fxe5 35. Nb6 e4 36. Nc4 Bf4 37. Kf1 d3 38. Kf2 e3+ 39. Nxe3 Ke5 40. Nd1 Bc1 41. Kf3 Kf6 42. b3 Bd2 43. Ke4 Be1 44. h5 gxh5 45. gxh5 d2 46. Kd3 Kg5 47. Ke2 Kxh5 48. Ne3 Kg5 49. Nc4 Kf5 50. Nxd2 Bxd2 51. Kxd2 Ke4 52. Kc3 Kd5 53. Kb4 b6 54. a4 Kc6 55. Kc4 Kd6 56. b4 Ke5 57. a5 bxa5 58. bxa5 Kd6 59. Kd4 Kc6 60. Kc4 Kd6 61. Kd4 Kc6 62. Kc4 Kd6 1/2-1/2


[Site "https://www.chess.com"]

[Event "Titled Tuesday Blitz June 27 Late 2023"]
[White "Rathanvel, V S"]
[Black "Barski, Radoslaw"]
[WhiteFideId "25002112"]
[BlackFideId "1131710"]
[WhiteElo "2703"]
[BlackElo "2377"]
[Result "1-0"]
[Round "1"]
[TimeControl "180+2"]
[Date "2023.06.27"]
[WhiteClock "0:01:23"]
[BlackClock "0:00:00"]
[Board "97"]

1. e4 e5 2. Nf3 Nc6 3. Bc4 Bc5 4. b4 Bxb4 5. c3 Ba5 6. d4 d6 7. dxe5 Nge7 8. exd6 Qxd6 9. Nbd2 Bg4 10. Bxf7+ Kf8 11. O-O Bxc3 12. Rb1 Bxd2 13. Bxd2 Kxf7 14. Ng5+ Ke8 15. Qxg4 Qxd2 16. Ne6 Rc8 17. Nxg7+ Kf7 18. Rb3 Qh6 19. Rf3+ Kg8 20. Nh5+ Qg6 21. Qh3 Qd6 22. Rf6 Qe5 23. Qg4+ Ng6 24. Qxc8+ 1-0


[Site "https://www.chess.com"]

[Event "Titled Tuesday Blitz June 27 Late 2023"]
[White "Prydun, Andriy"]
[Black "Cugimura97"]
[WhiteFideId "14145898"]
[WhiteElo "2376"]
[BlackElo "2701"]
[Result "1/2-1/2"]
[Round "1"]
[TimeControl "180+2"]
[Date "2023.06.27"]
[WhiteClock "0:01:40"]
[BlackClock "0:01:08"]
[Board "98"]

1. e4 c6 2. d4 d5 3. e5 Bf5 4. Bd3 Bxd3 5. cxd3 e6 6. Nc3 Qb6 7. Nf3 Ne7 8. O-O Nf5 9. Ne2 Be7 10. Rb1 O-O 11. b4 a5 12. g4 Nh4 13. Nxh4 Bxh4 14. Ba3 axb4 15. Bxb4 Re8 16. a3 Qa6 17. f4 Be7 18. f5 Bxb4 19. axb4 Nd7 20. f6 Qa4 21. Qd2 gxf6 22. Qh6 Kh8 23. Rxf6 Nxf6 24. Qxf6+ Kg8 25. Rf1 Qxb4 26. Qxf7+ Kh8 27. Qf6+ Kg8 28. Qg5+ Kh8 29. Qf6+ Kg8 30. Qg5+ Kh8 31. Qf6+ 1/2-1/2


[Site "https://www.chess.com"]

[Event "Titled Tuesday Blitz June 27 Late 2023"]
[White "Goltsev, Dmitry"]
[Black "K2JW"]
[WhiteFideId "24176710"]
[WhiteElo "2700"]
[BlackElo "2372"]
[Result "1-0"]
[Round "1"]
[TimeControl "180+2"]
[Date "2023.06.27"]
[WhiteClock "0:02:12"]
[BlackClock "0:00:48"]
[Board "99"]

1. e4 c5 2. Nf3 Nc6 3. d4 cxd4 4. Nxd4 Nf6 5. Nc3 d6 6. Be2 g6 7. O-O Bg7 8. Be3 O-O 9. f4 Bd7 10. Bf3 Nxd4 11. Bxd4 Bc6 12. Qe2 Nd7 13. Bxg7 Kxg7 14. Kh1 Rc8 15. Rad1 Qb6 16. b3 Nc5 17. e5 Bxf3 18. Rxf3 dxe5 19. Qxe5+ Qf6 20. Qxf6+ exf6 21. Nd5 Rfe8 22. c4 Rcd8 23. Kg1 Re2 24. Rf2 Re6 25. Rfd2 Ne4 26. Rd4 f5 27. Nc7 Re7 28. Rxd8 Rxc7 29. R1d7 1-0


[Site "https://www.chess.com"]

[Event "Titled Tuesday Blitz June 27 Late 2023"]
[White "Cooklev, Steven"]
[Black "Bolourchifard, Farzad"]
[WhiteFideId "2050552"]
[BlackFideId "12510084"]
[WhiteElo "2371"]
[BlackElo "2698"]
[Result "0-1"]
[Round "1"]
[TimeControl "180+2"]
[Date "2023.06.27"]
[WhiteClock "0:00:04"]
[BlackClock "0:01:44"]
[Board "100"]

1. e4 e5 2. Bc4 Nf6 3. d3 Nc6 4. Nc3 Bb4 5. Ne2 d5 6. exd5 Nxd5 7. O-O Be6 8. Bxd5 Bxd5 9. f4 O-O 10. f5 f6 11. Ng3 Qd7 12. Qg4 Bf7 13. Bh6 Qd4+ 14. Qxd4 exd4 15. Nce4 gxh6 16. Nxf6+ Kh8 17. Rf4 Bd6 18. Rh4 Be7 19. Rxh6 Bxf6 20. Rxf6 Rae8 21. a3 Kg7 22. Rxc6 bxc6 23. Rf1 Bd5 24. Rf4 Re1+ 25. Kf2 Rc1 26. Rxd4 Rxc2+ 27. Ke3 Re8+ 28. Kf4 Rxg2 29. Nh5+ Kh6 30. Nf6 Rf8 31. Nxd5 cxd5 32. Rxd5 Rxb2 33. Ke5 Re2+ 34. Kd4 Rxh2 35. Kc5 Rc2+ 36. Kb5 Rb8+ 37. Ka4 Kg5 38. d4 h5 39. f6+ Kxf6 40. Rxh5 Rc4+ 41. Ka5 Rxd4 42. Rc5 Rb7 43. a4 Ke6 44. Rc6+ Kd7 45. Rc5 Rd6 46. Rxc7+ Rxc7 0-1


[Site "https://www.chess.com"]

[Event "Titled Tuesday Blitz June 27 Late 2023"]
[White "Fisher_TheGalactic"]
[Black "FromTexas54"]
[WhiteElo "2692"]
[BlackElo "2369"]
[Result "1-0"]
[Round "1"]
[TimeControl "180+2"]
[Date "2023.06.27"]
[WhiteClock "0:01:25"]
[BlackClock "0:00:00"]
[Board "101"]

1. e4 g6 2. Nf3 Bg7 3. d4 d6 4. Be2 Nf6 5. Nc3 O-O 6. O-O Nc6 7. h3 e5 8. d5 Ne7 9. Nh2 h6 10. f4 exf4 11. Bxf4 Kh7 12. Qd2 Nd7 13. Ng4 h5 14. Ne3 Ne5 15. Rf2 Ng8 16. Raf1 Qe7 17. Nb5 a6 18. Nd4 Bd7 19. Bxh5 gxh5 20. Qe2 Ng6 21. Qxh5+ Nh6 22. Bg5 Qxe4 23. Ndf5 f6 24. Bxh6 1-0


[Site "https://www.chess.com"]

[Event "Titled Tuesday Blitz June 27 Late 2023"]
[White "Vasques, Antonio Pedro Freixial"]
[Black "Volkov, Maksim"]
[WhiteFideId "1908332"]
[BlackFideId "54123070"]
[WhiteElo "2365"]
[BlackElo "2689"]
[Result "0-1"]
[Round "1"]
[TimeControl "180+2"]
[Date "2023.06.27"]
[WhiteClock "0:01:37"]
[BlackClock "0:02:14"]
[Board "102"]

1. e4 c5 2. Nc3 d6 3. Nf3 Nf6 4. d4 cxd4 5. Nxd4 a6 6. Be3 e5 7. Nb3 Be7 8. f3 Be6 9. Qd2 h5 10. O-O-O Nbd7 11. Kb1 Rc8 12. h3 b5 13. Nd5 Nxd5 14. exd5 Bf5 15. Bd3 Bxd3 16. Qxd3 Bg5 17. Rhe1 O-O 18. g4 hxg4 19. hxg4 g6 20. Qd2 Bxe3 21. Qxe3 Kg7 22. Rh1 Rh8 23. Qa7 Qc7 24. Rxh8 Qxc2+ 0-1


[Site "https://www.chess.com"]

[Event "Titled Tuesday Blitz June 27 Late 2023"]
[White "Korchmar, Vasiliy"]
[Black "Fernandez Siles, Luis"]
[WhiteFideId "24131750"]
[BlackFideId "2209420"]
[WhiteElo "2686"]
[BlackElo "2364"]
[Result "1-0"]
[Round "1"]
[TimeControl "180+2"]
[Date "2023.06.27"]
[WhiteClock "0:01:18"]
[BlackClock "0:01:10"]
[Board "103"]

1. e4 c5 2. d4 cxd4 3. Qxd4 Nc6 4. Qd3 Nf6 5. Nc3 d6 6. Nf3 g6 7. Be2 Bg7 8. O-O O-O 9. Nd5 Bg4 10. Bg5 Bxf3 11. Qxf3 Nd4 12. Qd3 Nxe2+ 13. Qxe2 e6 14. Nxf6+ Bxf6 15. Bxf6 Qxf6 16. c3 Rfd8 17. Rad1 Qe5 18. f4 Qc5+ 19. Kh1 d5 20. f5 dxe4 21. fxe6 fxe6 22. Qxe4 Rxd1 23. Qxe6+ Kh8 24. Rxd1 Rf8 25. h3 Qf5 26. Qxf5 Rxf5 27. Rd8+ Kg7 28. Rd7+ Rf7 29. Rxf7+ Kxf7 30. g4 Ke6 31. Kg2 Kd5 32. Kf3 b5 33. b3 a5 34. g5 Ke5 35. Ke3 Kf5 36. h4 Ke5 37. c4 bxc4 38. bxc4 a4 39. Kd3 a3 40. Kc3 Kd6 41. Kb4 1-0


[Site "https://www.chess.com"]

[Event "Titled Tuesday Blitz June 27 Late 2023"]
[White "Lopez Del Alamo, Antonio"]
[Black "Harikrishnan.A.Ra"]
[WhiteFideId "2227339"]
[BlackFideId "5081483"]
[WhiteElo "2362"]
[BlackElo "2686"]
[Result "1-0"]
[Round "1"]
[TimeControl "180+2"]
[Date "2023.06.27"]
[WhiteClock "0:00:35"]
[BlackClock "0:00:00"]
[Board "104"]

1. e4 c5 2. Nf3 d6 3. d4 cxd4 4. Nxd4 Nf6 5. Nc3 Nc6 6. Bg5 e6 7. Bb5 Bd7 8. Bxc6 bxc6 9. Qf3 Be7 10. e5 Nd5 11. Ne4 O-O 12. Bxe7 Qxe7 13. exd6 Qd8 14. O-O Qb6 15. Nb3 Rad8 16. c4 Nb4 17. c5 Qa6 18. a3 Nd5 19. Nc3 Nf6 20. Nd4 Rc8 21. b4 Qc4 22. Rfd1 Rfe8 23. Ne4 Nd5 24. Qb3 Qa6 25. Nc3 Nf4 26. g3 Nh3+ 27. Kg2 e5 28. Nf3 e4 29. Nd4 Re5 30. b5 cxb5 31. c6 Bxc6 32. Nxc6 Qxc6 33. Nd5 e3 34. Kxh3 e2 35. Ne7+ Rxe7 36. dxe7 exd1=Q 37. Rxd1 Re8 38. Rd8 a5 39. Qd5 1-0


[Site "https://www.chess.com"]

[Event "Titled Tuesday Blitz June 27 Late 2023"]
[White "Goryachkina, Aleksandra"]
[Black "Guzman Moneo, Alberto"]
[WhiteFideId "4147103"]
[BlackFideId "2209616"]
[WhiteElo "2682"]
[BlackElo "2360"]
[Result "1-0"]
[Round "1"]
[TimeControl "180+2"]
[Date "2023.06.27"]
[WhiteClock "0:00:47"]
[BlackClock "0:00:00"]
[Board "105"]

1. e4 e6 2. d4 d5 3. Nd2 dxe4 4. Nxe4 Nd7 5. Nf3 Ngf6 6. Nxf6+ Nxf6 7. g3 c5 8. Bg2 cxd4 9. O-O Bc5 10. Bf4 O-O 11. Be5 d3 12. cxd3 Bd7 13. Rc1 Rc8 14. Nd2 b6 15. d4 Be7 16. Qb3 Ng4 17. Bf4 Bg5 18. Rxc8 Bxc8 19. Bxg5 Qxg5 20. Nf3 Qa5 21. h3 Nf6 22. Ne5 Ba6 23. Rc1 Nd5 24. Nc6 Qd2 25. Rd1 Qg5 26. h4 Qh5 27. Bf3 1-0


[Site "https://www.chess.com"]

[Event "Titled Tuesday Blitz June 27 Late 2023"]
[White "Castella Garcia, Fausto"]
[Black "Fernandez Guillen, Ernesto J."]
[WhiteFideId "3501922"]
[BlackFideId "3512428"]
[WhiteElo "2357"]
[BlackElo "2682"]
[Result "0-1"]
[Round "1"]
[TimeControl "180+2"]
[Date "2023.06.27"]
[WhiteClock "0:00:19"]
[BlackClock "0:00:18"]
[Board "106"]

1. e4 e5 2. Nf3 Nc6 3. Bb5 f5 4. Bxc6 bxc6 5. Nxe5 Qe7 6. d4 Nf6 7. Nc3 Ba6 8. Bg5 O-O-O 9. f3 fxe4 10. fxe4 Qb4 11. Bxf6 gxf6 12. Nf7 Rg8 13. Qf3 Re8 14. O-O-O Rg6 15. Kb1 Qe7 16. Nh8 Rg8 17. e5 Rxh8 18. exf6 Qf7 19. Ne4 Bc4 20. Rhe1 Bxa2+ 21. Ka1 Bd5 22. Qd3 Rxe4 23. Rxe4 Bxe4 24. Qxe4 Qxf6 25. Qe8+ Kb7 26. Rd3 Bc5 27. Qxd7 Rd8 28. Qxh7 Rxd4 29. Rxd4 Bxd4 30. c3 Be5 31. Qh5 a5 32. h4 a4 33. Qg4 Qf1+ 34. Ka2 Qf7+ 35. Ka1 Qb3 36. Qb4+ Qxb4 37. cxb4 a3 38. g4 axb2+ 39. Kb1 Kc8 40. g5 Kd7 41. h5 Ke6 42. h6 Kf5 43. b5 cxb5 0-1


[Site "https://www.chess.com"]

[Event "Titled Tuesday Blitz June 27 Late 2023"]
[White "Prestia, Paris"]
[Black "Rego, Pedro Filipe"]
[WhiteFideId "30925959"]
[BlackFideId "1904310"]
[WhiteElo "2681"]
[BlackElo "2357"]
[Result "1-0"]
[Round "1"]
[TimeControl "180+2"]
[Date "2023.06.27"]
[WhiteClock "0:00:42"]
[BlackClock "0:00:32"]
[Board "107"]

1. d4 Nf6 2. Bg5 d5 3. Bxf6 gxf6 4. c4 c5 5. cxd5 Qxd5 6. Nf3 cxd4 7. Nc3 Qa5 8. Nxd4 e5 9. Nb3 Qb6 10. e4 Bb4 11. Be2 Nc6 12. O-O Bxc3 13. bxc3 Be6 14. Bg4 Rd8 15. Qf3 Bxg4 16. Qxg4 h5 17. Qf5 Ne7 18. Qf3 h4 19. Rfd1 h3 20. Rxd8+ Kxd8 21. Rd1+ Kc7 22. Qd3 Kb8 23. Qd7 Qc7 24. Qxc7+ Kxc7 25. Nc5 Ng6 26. g3 Kc6 27. Nd7 Rd8 28. Nxe5+ Kc7 29. Rxd8 Kxd8 30. Nxg6 fxg6 31. f4 Kd7 32. Kf2 Kc6 33. g4 Kc5 34. Kg3 Kc4 35. Kxh3 Kxc3 36. e5 1-0


[Site "https://www.chess.com"]

[Event "Titled Tuesday Blitz June 27 Late 2023"]
[White "Davidson, Kevin"]
[Black "Gokerkan, Cem Kaan"]
[WhiteFideId "2056810"]
[BlackFideId "6336760"]
[WhiteElo "2355"]
[BlackElo "2681"]
[Result "0-1"]
[Round "1"]
[TimeControl "180+2"]
[Date "2023.06.27"]
[WhiteClock "0:00:19"]
[BlackClock "0:00:59"]
[Board "108"]

1. e4 e5 2. Nf3 Nf6 3. Nxe5 d5 4. exd5 Qxd5 5. d4 Nc6 6. Nxc6 Qxc6 7. Nc3 Bb4 8. Bd2 O-O 9. d5 Re8+ 10. Be2 Nxd5 11. Nxd5 Qxd5 12. Bxb4 Qxg2 13. Rf1 Bg4 14. f3 Bxf3 15. Rf2 Qg1+ 16. Rf1 Qe3 17. Rf2 Bxe2 18. Qxe2 Qg5 19. Rd1 Rxe2+ 20. Kxe2 Qg4+ 0-1


[Site "https://www.chess.com"]

[Event "Titled Tuesday Blitz June 27 Late 2023"]
[White "Alex_Sahakyan2006"]
[Black "Wendt, Jan-Dietrich"]
[BlackFideId "4623797"]
[WhiteElo "2672"]
[BlackElo "2355"]
[Result "1-0"]
[Round "1"]
[TimeControl "180+2"]
[Date "2023.06.27"]
[WhiteClock "0:00:05"]
[BlackClock "0:00:08"]
[Board "109"]

1. d4 Nf6 2. c4 g6 3. Nc3 Bg7 4. e4 d6 5. f4 c5 6. d5 O-O 7. Nf3 e6 8. Be2 exd5 9. cxd5 Nbd7 10. O-O Re8 11. Qc2 a6 12. a4 Qc7 13. Kh1 c4 14. a5 Nc5 15. e5 Bf5 16. Qd1 Nfe4 17. Nxe4 Nxe4 18. Ra4 c3 19. g4 Nc5 20. gxf5 Nxa4 21. Qxa4 dxe5 22. fxg6 hxg6 23. fxe5 Bxe5 24. bxc3 Bxc3 25. Bd3 Qxa5 26. Qxa5 Bxa5 27. Ng5 Re1 28. Rxe1 Bxe1 29. d6 Rd8 30. Ba3 b5 31. Bc5 Bd2 32. Ne4 Bf4 33. Bb6 Rxd6 34. Nxd6 Bxd6 35. h3 Kf8 36. Kg2 Ke7 37. Kf3 f5 38. Ba5 Kd7 39. Bc2 Bc7 40. Bd2 a5 41. Bb3 Ke7 42. Bg5+ Kf8 43. Bd5 b4 44. Bb3 Kg7 45. Ke2 Be5 46. Kd3 Bf6 47. Be3 g5 48. Bb6 g4 49. hxg4 fxg4 50. Bxa5 Be7 51. Bd5 Kf6 52. Ke3 Kg5 53. Kf2 Kh4 54. Kg2 Bc5 55. Bd8+ Kh5 56. Bf7+ Kh6 57. Be6 Kg6 58. Bxg4 Bd4 59. Bd1 Bc3 60. Be7 Kf5 61. Kf3 Ke6 62. Bf8 Kd5 63. Bb3+ Kd4 64. Ke2 Ke4 65. Be7 Kd4 66. Bc2 Kc4 67. Bg6 b3 68. Bf7+ Kb5 69. Bxb3 Bb4 70. Bg5 Bc5 71. Kd3 Bb4 72. Bc4+ Kc5 73. Be7+ Kb6 74. Bxb4 1-0


[Site "https://www.chess.com"]

[Event "Titled Tuesday Blitz June 27 Late 2023"]
[White "Glavina, Pablo"]
[Black "Rosen, Eric"]
[WhiteFideId "100234"]
[BlackFideId "2032562"]
[WhiteElo "2352"]
[BlackElo "2672"]
[Result "0-1"]
[Round "1"]
[TimeControl "180+2"]
[Date "2023.06.27"]
[WhiteClock "0:01:21"]
[BlackClock "0:00:12"]
[Board "110"]

1. c4 e6 2. g3 d5 3. Bg2 Nf6 4. Nf3 Bd6 5. O-O O-O 6. d4 Nc6 7. Nc3 dxc4 8. Qa4 e5 9. dxe5 Nxe5 10. Nxe5 Bxe5 11. Qxc4 c6 12. Rd1 Qe7 13. Be3 Re8 14. Rac1 Be6 15. Qh4 h6 16. b3 Rad8 17. Rxd8 Rxd8 18. Bxa7 Bxc3 19. Rxc3 Rd1+ 20. Bf1 Nd5 21. Qxe7 Nxe7 22. Rd3 Ra1 23. Kg2 Rxa2 24. e4 Rxa7 0-1


[Site "https://www.chess.com"]

[Event "Titled Tuesday Blitz June 27 Late 2023"]
[White "Vetoshko, Volodymyr"]
[Black "GAO"]
[WhiteFideId "14122480"]
[WhiteElo "2670"]
[BlackElo "2352"]
[Result "1-0"]
[Round "1"]
[TimeControl "180+2"]
[Date "2023.06.27"]
[WhiteClock "0:00:26"]
[BlackClock "0:00:02"]
[Board "111"]

1. b3 e5 2. Bb2 Nc6 3. c4 Nf6 4. e3 d5 5. cxd5 Nxd5 6. a3 Bd6 7. Qc2 O-O 8. b4 a6 9. Nf3 Nde7 10. Bd3 f5 11. Bc4+ Kh8 12. Ng5 Qe8 13. Nc3 Qg6 14. h4 e4 15. Ne2 Ne5 16. Nf4 Qe8 17. h5 Nxc4 18. Qxc4 Bxf4 19. exf4 h6 20. Qxc7 Qd7 21. Rc1 Nd5 22. Qc5 Qd8 23. g3 Rb8 24. Be5 Ra8 25. Qd4 Nf6 26. Nf7+ Rxf7 27. Qxd8+ Kh7 28. Rxc8 Rxc8 29. Qxc8 1-0


[Site "https://www.chess.com"]

[Event "Titled Tuesday Blitz June 27 Late 2023"]
[White "Schuster, Karsten"]
[Black "Veiga, Jose Francisco R P Neves"]
[WhiteFideId "4611071"]
[BlackFideId "1930087"]
[WhiteElo "2349"]
[BlackElo "2670"]
[Result "0-1"]
[Round "1"]
[TimeControl "180+2"]
[Date "2023.06.27"]
[WhiteClock "0:01:17"]
[BlackClock "0:01:04"]
[Board "112"]

1. d4 e6 2. c4 b6 3. Nc3 Bb7 4. f3 d5 5. cxd5 exd5 6. Bf4 Nf6 7. e3 a6 8. Bd3 Bd6 9. Bxd6 Qxd6 10. Nge2 O-O 11. Qd2 c5 12. O-O Nc6 13. Rfe1 Rfe8 14. Ng3 g6 15. dxc5 bxc5 16. Rad1 Rad8 17. a3 Ne5 18. Bf1 Qb6 19. Kh1 h5 20. Na4 Qd6 21. Qc2 h4 22. Ne4 Nxe4 23. fxe4 Ng4 24. g3 hxg3 25. Qxc5 g2+ 26. Kxg2 Qxh2+ 27. Kf3 dxe4+ 28. Kxg4 Bc8+ 29. Kg5 Qh5+ 30. Kf6 Re6# 0-1


[Site "https://www.chess.com"]

[Event "Titled Tuesday Blitz June 27 Late 2023"]
[White "Antonica, Dragos-Andrei"]
[Black "Rodrigues, Bruno Morado"]
[WhiteFideId "1246372"]
[BlackFideId "2115654"]
[WhiteElo "2668"]
[BlackElo "2349"]
[Result "1-0"]
[Round "1"]
[TimeControl "180+2"]
[Date "2023.06.27"]
[WhiteClock "0:00:22"]
[BlackClock "0:00:00"]
[Board "113"]

1. d4 d5 2. c4 c6 3. Nf3 Nf6 4. e3 e6 5. Nc3 Nbd7 6. Be2 Bd6 7. O-O O-O 8. Qc2 Qe7 9. a3 dxc4 10. Bxc4 e5 11. Bd3 Re8 12. Ne4 Nxe4 13. Bxe4 h6 14. Bf5 e4 15. Nd2 Nf6 16. Bxc8 Raxc8 17. f3 exf3 18. Rxf3 c5 19. d5 Nxd5 20. e4 Nf6 21. Nc4 Nxe4 22. Nxd6 Nxd6 23. Bf4 Nb5 24. Rf2 Nd4 25. Qd3 Ne2+ 26. Kh1 Nxf4 27. Rxf4 Rcd8 28. Qc4 b6 29. h3 Qe6 30. Qc3 Qe5 31. Qf3 Qxb2 32. Rf1 f6 33. Qb7 1-0


[Site "https://www.chess.com"]

[Event "Titled Tuesday Blitz June 27 Late 2023"]
[White "Muhammed, Shuaau"]
[Black "Cuenca Jimenez, Jose Fernando"]
[WhiteFideId "16700406"]
[BlackFideId "2255570"]
[WhiteElo "2349"]
[BlackElo "2668"]
[Result "0-1"]
[Round "1"]
[TimeControl "180+2"]
[Date "2023.06.27"]
[WhiteClock "0:00:20"]
[BlackClock "0:00:58"]
[Board "114"]

1. e4 d6 2. Nf3 Nf6 3. Nc3 e5 4. d4 Nbd7 5. dxe5 dxe5 6. Bc4 Bb4 7. O-O O-O 8. Bg5 c6 9. a3 Be7 10. Qe2 Qc7 11. Bh4 b5 12. Ba2 Nc5 13. Rfd1 Bg4 14. h3 Bh5 15. g4 Bg6 16. Bg3 Nfd7 17. b4 Ne6 18. Bxe6 fxe6 19. Kg2 a5 20. Nxb5 cxb5 21. Qxb5 Ra7 22. Nxe5 Nxe5 23. Bxe5 Bxe4+ 24. Kg1 Qxc2 25. Bd4 Rb7 26. Qxa5 Qb3 27. Qe5 Bf6 28. Qxe4 Rbf7 29. Qd3 Qxd3 30. Rxd3 Rd7 31. Rad1 Rfd8 32. Bxf6 Rxd3 33. Rxd3 Rxd3 34. Be7 Rxa3 35. Kg2 Kf7 36. Bc5 Rb3 37. f3 e5 38. h4 g6 39. Bd6 Ke6 40. Bc5 Kd5 41. Kf2 e4 42. f4 Rf3+ 43. Ke2 Rxf4 44. h5 Rxg4 45. hxg6 hxg6 46. Be3 Kc4 47. Bc5 Rg3 48. Kf2 Rb3 49. Ke2 g5 50. Be7 g4 51. Bd6 Rxb4 52. Ke3 Rb6 53. Bg3 Kd5 0-1


[Site "https://www.chess.com"]